 Dungeon Crawl Stone Soup version 0.31-a0-1074-g0b22e4e0f1 (webtiles) character file.

Game seed: 7175580612779661683

143 strifetoe the Chopper (level 5, 0/30 HPs)
             Began as a Gargoyle Reaver on Dec 6, 2023.
             Was a Priest of Uskayaw.
             Killed from afar by an orc wizard (5 damage)
             ... with a magic dart
             ... on level 3 of the Dungeon.
             The game lasted 00:02:02 (2055 turns).

strifetoe the Chopper (Gargoyle Reaver)             Turns: 2055, Time: 00:02:03

Health: 0/30       AC:  8    Str: 17    XL:     5   Next: 25%
Magic:  8/8        EV: 11    Int: 14    God:    Uskayaw [***...]
Gold:   110        SH:  0    Dex:  8    Spells: 7/8 levels left

rFire   . . .        a - +0 hand axe
rCold   . . .        (no shield)
rNeg    + . .        b - +1 leather armour
rPois   ∞            (no helmet)
rElec   +            (no cloak)
rCorr   .            (no gloves)
SInv    .            (no boots)
Will    .....        (no amulet)
Stlth   +            (no ring)
HPRegen 0.25/turn    (no ring)
MPRegen 0.11/turn

%: no passive effects
@: no status effects
A: sickness immunity, AC +4, negative energy resistance 1, electricity
resistance, torment resistance 1, petrification resistance
a: Renounce Religion, Stomp, Line Pass


You were on level 3 of the Dungeon.
You worshipped Uskayaw.
Uskayaw was noncommittal.
You visited 1 branch of the dungeon, and saw 3 of its levels.

You collected 110 gold pieces.

Inventory:

Hand Weapons
 a - a +0 hand axe (weapon)
Armour
 b - a +1 leather armour (worn)
Wands
 m - a wand of flame (19)
Scrolls
 c - a scroll of immolation
 e - a scroll of identify
 k - a scroll of teleportation
Potions
 d - a potion of curing
 g - a potion of heal wounds {unknown}
 i - a potion of haste {unknown}
 l - a potion of lignification {unknown}
 n - 2 potions of mutation
 p - 2 potions of degeneration {unknown}
 q - a potion of enlightenment {unknown}


   Skills:
 - Level 2.1 Fighting
 * Level 5.2 Axes
 - Level 1.5 Dodging
 - Level 2.0 Spellcasting
 - Level 3.2 Conjurations


You had 7 spell levels left.
You knew the following spells:

 Your Spells              Type           Power      Damage    Failure   Level
a - Kiss of Death         Conj/Necr      24%        2d7       16%         1

Your spell library contained the following spells:

 Spells                   Type           Power      Damage    Failure   Level
 Momentum Strike          Conj/Tloc      12%        3d8       22%         2
 Ensorcelled Hibernation  Hex/Ice        2%         N/A       41%         2
 Jinxbite                 Hex            2%         N/A       41%         2
 Hailstorm                Conj/Ice       6%         3d4       41%         3
 Anguish                  Hex/Necr       0%         N/A       96%         4


Dungeon Overview and Level Annotations

Branches:
Dungeon (3/15)

Altars:
Uskayaw


Innate Abilities, Weirdness & Mutations

You are immune to sickness and miasma.
Your stone body is resilient. (AC +4)
You are immune to poison.
You resist negative energy. (rN+)
You are resistant to electric shocks. (rElec)
You are resistant to unholy torment.
You are immune to petrification.


Message History

The orc wizard flickers and vanishes!
Deactivating autopickup; reactivate with Ctrl-A.
You are too injured to fight recklessly!
Unknown command.
You miss the orc wizard. You hit something.
Reactivating autopickup.
You feel a bit more experienced.
You feel less confused.
The orc wizard hits you with a +0 dagger.
Unknown command.
You are too injured to fight recklessly!
Unknown command.
You are too injured to fight recklessly!
Unknown command.
You are too injured to fight recklessly!
Unknown command.
You are too injured to fight recklessly!
You are too injured to fight recklessly!
Unknown command.
The orc wizard hits you with a +0 dagger.
Things that are here:
a +0 dagger; a +0 robe; an orc corpse You are too injured to fight recklessly!
Unknown command.
You hit the orc wizard but do no damage.
The orc wizard casts a spell at you. The magic dart hits you!
* * * LOW HITPOINT WARNING * * *
You hit the orc wizard but do no damage.
You hit the orc.
The orc is heavily wounded.
You hit the orc wizard.
The orc wizard hits you but does no damage.
The orc hits you but does no damage.
You barely miss the orc.
The orc is heavily wounded.
You miss the orc wizard.
The orc wizard gestures at you while chanting.
The magic dart hits you.
You die...

# . #
#$#####
......#
#..#.#
#########
###....
#........
.......
###.########
####..#
#..@o).....#
#..#
##.o######.#
#. # #..# #.
# #..# . #
#..# ## #
#†.# # #..#
#..#
#..#######


You could see an orc wizard and an orc.

Vanquished Creatures
  An orc priest (D:2)
  An orc wizard (D:3)
  3 adders (D:2)
  A dart slug (D:2)
  5 orcs
  4 bats
  3 endoplasms
  5 giant cockroaches
  2 hobgoblins (D:1)
  5 jackals (D:3)
  5 kobolds
  7 ball pythons
  2 frilled lizards
  4 goblins
  7 rats
55 creatures vanquished.

Notes
Turn   | Place    | Note
-------+----------+-------------------------------------------
     0 | D:1      | strifetoe the Gargoyle Reaver began the quest for the Orb.
     0 | D:1      | Reached XP level 1. HP: 12/12 MP: 3/3
    58 | D:1      | Found a faded altar of an unknown god.
   113 | D:1      | Prayed at the altar of an unknown god.
   113 | D:1      | Became a worshipper of Uskayaw the Reveller
   113 | D:1      | Reached * piety under Uskayaw
   256 | D:1      | Reached ** piety under Uskayaw
   258 | D:1      | Reached skill level 3 in Axes
   346 | D:1      | Reached XP level 2. HP: 17/17 MP: 5/5
   819 | D:2      | Reached XP level 3. HP: 19/21 MP: 6/6
   865 | D:2      | Reached skill level 4 in Axes
  1093 | D:2      | Reached *** piety under Uskayaw
  1094 | D:2      | Reached XP level 4. HP: 10/26 MP: 7/7
  1097 | D:2      | Reached **** piety under Uskayaw
  1935 | D:3      | Reached skill level 5 in Axes
  2044 | D:3      | Reached XP level 5. HP: 16/30 MP: 8/8
  2055 | D:3      | Killed from afar by an orc wizard

Illustrated notes

Levels and vault maps discovered:
D:1:      eino_arrival_cavern_d, layout_loops_cross,
          hellmonk_ecumenical_altar_blasted
D:2:      layout_basic, chequers_serial_rivers_micro_c
D:3:      layout_basic, uniq_jessica

Skill      XL: |  1  2  3  4 |
---------------+-------------+-----
Axes           | 3 4 5 |  5.2
Fighting       | |  2.1
Dodging        | |  1.5
Spellcasting   | |  2.0
Conjurations   | |  3.2

Action                     |  1- 3 |  4- 6 || total
---------------------------+-------+-------++-------
  Melee: Hand axe          |   112 |    87 ||   199
         Punch             |     1 |     2 ||     3
    Use: Scroll            |       |     7 ||     7
   Stab: Paralysed         |       |     1 ||     1
 Armour: Leather armour    |    68 |    62 ||   130
  Dodge: Dodged            |    75 |    63 ||   138

Table legend: (Time is in decaauts)
 A = Elapsed time spent in this place.
 B = Non-inter-level travel time spent in this place.
 C = Inter-level travel time spent in this place.
 D = Time resting spent in this place.
 E = Time spent auto-exploring this place.
 F = Levels seen in this place.
 G = Mean time per level.
                   A        B        C        D        E       F      G
               +--------+--------+--------+--------+--------+-----+--------+
         Total |   2072 |   1998 |     74 |     69 |   1541 |   3 |  690.7 |
       Dungeon |   2072 |   1998 |     74 |     69 |   1541 |   3 |  690.7 |
               +--------+--------+--------+--------+--------+-----+--------+

Top non-repeatable levels by time:
     D:2: 842 daAuts
     D:1: 695 daAuts
     D:3: 534 daAuts
